[ AOE2 MATCH · #504548552 ]
UnrankedSlavs vs Japanese
Player's team · LOSS
Rival team · WIN
[ REPLAY ANALYSIS · EXTRACTED FROM THE RECORDED GAME ]
Feudal
—
Castle
—
Imperial
—
| APM avg | 60.7 |
| APM peak | 93 |
| eAPM avg | 22.8 |
| Villagers / military | 23 / 0 |
Focus
⚔️ 30.3% · 🌾 69.7%
Feudal
—
Castle
—
Imperial
—
| APM avg | 81.4 |
| APM peak | 113 |
| eAPM avg | 24.1 |
| Villagers / military | 19 / 1 |
Focus
⚔️ 40.3% · 🌾 59.7%
Militia ×1
Match map
Initial resources + every placement click. Lines = walls · curves = elevation contours. ◆ gold · ⬟ stone · ● berries · ✦ relic · ◌ wall gap
Your base
VENÓN | Hyoga's base
Smoothed initial terrain · ◌ = detected wall gap · hover for details
Inputs per minute
— MztK | FeNiX - - VENÓN | Hyoga
Build order — MztK | FeNiX
35 actions detected in the replay
| 0:00 | Queue | Villager (Male) |
| 0:01 | Build | House |
| 0:02 | Build | House |
| 0:23 | Queue | Villager (Male) |
| 0:25 | Queue | Villager (Male) |
| 0:26 | Queue | Villager (Male) |
| 1:40 | Queue | Villager (Male) |
| 2:08 | Queue | Villager (Male) |
| 2:08 | Queue | Villager (Male) |
| 2:27 | Queue | Villager (Male) |
| 2:44 | Queue | Villager (Male) |
| 2:44 | Queue | Villager (Male) |
| 2:58 | Build | Lumber Camp |
| 3:21 | Queue | Villager (Male) |
| 3:39 | Build | House |
| 3:46 | Queue | Villager (Male) |
| 3:46 | Queue | Villager (Male) |
| 4:02 | Queue | Villager (Male) |
| 4:34 | Queue | Villager (Male) |
| 4:34 | Queue | Villager (Male) |
| 4:49 | Research | Loom |
| 4:49 | Research | Loom |
| 4:51 | Build | House |
| 5:03 | Queue | Villager (Male) |
| 5:10 | Build | House |
| 5:19 | Queue | Villager (Male) |
| 5:19 | Queue | Villager (Male) |
| 5:26 | Queue | Villager (Male) |
| 5:26 | Queue | Villager (Male) |
| 6:23 | Build | Palisade Gate |
| 6:27 | Build | Palisade Wall |
| 6:32 | Build | Palisade Gate |
| 6:35 | Build | Palisade Gate |
| 7:13 | Queue | Villager (Male) |
| 7:13 | Queue | Villager (Male) |
Build order — VENÓN | Hyoga
27 actions detected in the replay
| 0:01 | Queue | Villager (Male) ×4 |
| 0:02 | Build | House |
| 0:03 | Build | House |
| 1:31 | Queue | Villager (Male) |
| 2:02 | Queue | Villager (Male) |
| 2:02 | Queue | Villager (Male) |
| 2:24 | Build | Lumber Camp |
| 2:26 | Queue | Villager (Male) |
| 2:38 | Queue | Villager (Male) |
| 2:38 | Queue | Villager (Male) |
| 2:56 | Queue | Villager (Male) |
| 3:01 | Build | House |
| 3:23 | Queue | Villager (Male) |
| 3:29 | Queue | Villager (Male) |
| 3:29 | Queue | Villager (Male) |
| 3:45 | Queue | Villager (Male) |
| 4:26 | Queue | Villager (Male) |
| 4:35 | Queue | Villager (Male) |
| 4:44 | Queue | Villager (Male) |
| 4:44 | Research | Loom |
| 5:07 | Build | Barracks |
| 5:12 | Build | Barracks |
| 6:12 | Build | House |
| 6:15 | Build | Palisade Wall |
| 6:35 | Queue | Militia |
| 6:46 | Queue | Villager (Male) |
| 7:16 | Research | Feudal Age |
Match timeline
| 5:07 | VENÓN | Hyoga · first_building Barracks |
| 6:15 | VENÓN | Hyoga · wall_segment Palisade Wall x1 |
| 6:27 | MztK | FeNiX · wall_segment Palisade Wall x1 |
| 7:18 | MztK | FeNiX · resign |
[ AI ANALYSIS · 1 CREDIT ]
What really happened in this match?
Wolo.gg analyzes every decision: build order, eco, micro, common mistakes by bracket. Personalized analysis on WhatsApp or Discord in 30 seconds.
Civ guide
Slavs
Perfil
Jugador #2326154